 Dungeon Crawl Stone Soup version 0.20.0-15-g7f486f2 (webtiles) character file.

11898 OfficerJojo the Geomancer (level 11, -1/64 HPs)
             Began as a Gargoyle Earth Elementalist on June 20, 2017.
             Was an Elder of Vehumet.
             Slain by a skeletal warrior
             ... wielding a cursed -2 short sword
             ... led by a skeletal warrior
              (7 damage)
             ... on level 11 of the Dungeon.
             The game lasted 01:08:34 (12979 turns).

OfficerJojo the Geomancer (GrEE)                   Turns: 12979, Time: 01:08:35

Health: -1/64      AC: 31    Str: 12    XL:     11   Next: 84%
Magic:  1/20       EV: 10    Int: 17    God:    Vehumet [****..]
Gold:   1304       SH: 13    Dex: 10    Spells: 14/23 levels left

rFire    . . .     SeeInvis +   f - +2 flail (protect)
rCold    + . .     Gourm    .   u - +0 large shield
rNeg     + . .     Faith    .   w - +2 ring mail of Xycuorud {Stlth+}
rPois    ∞         Spirit   .   (helmet restricted)
rElec    +         Reflect  .   M - +1 cloak
rCorr    .         Harm     .   K - +0 pair of gloves
MR       .....     Clarity  +   A - +2 pair of boots
Stlth    +++.......             S - amulet of regeneration
Regen    0.6/turn               r - ring of see invisible
MPRegen  0.2/turn               i - ring of stealth

@: protection aura
A: horns 2, repulsion field 1, icy blue scales 1, clarity, cold resistance 1,
dopey 1, negative energy resistance 1, electricity resistance, unbreathing,
evolution 2, petrification resistance, no potion heal 1, rot immunity, AC +7
a: Renounce Religion


You were on level 11 of the Dungeon.
You worshipped Vehumet.
Vehumet was greatly pleased with you.
You were hungry.

You visited 2 branches of the dungeon, and saw 12 of its levels.
You also visited: Ossuary.

You collected 1304 gold pieces.

Inventory:

Hand Weapons
 f - a +2 flail of protection (weapon)
 C - a +2 flail of draining
 D - a +3 mace of crushing
 E - a +0 flail of crushing
 H - a +0 morningstar
Missiles
 b - 178 stones (quivered)
Armour
 c - a +0 robe
 u - a +0 large shield (worn)
 w - the +2 ring mail of Xycuorud (worn) {Stlth+}
   (You found it on level 9 of the Dungeon)

   It makes you more stealthy.
 A - a +2 pair of boots (worn)
 G - a +0 shield
 K - a +0 pair of gloves (worn)
 L - a +0 leather armour
 M - a +1 cloak (worn)
 N - a +1 ring mail of poison resistance
 P - a +0 shield
Jewellery
 i - a ring of stealth (right hand)
 r - a ring of see invisible (left hand)
 S - an amulet of regeneration (around neck)
Wands
 k - a wand of clouds (2/9)
 m - a wand of flame (5/48)
 x - a wand of iceblast (9/15)
 O - a wand of confusion (10/48)
Scrolls
 a - 7 scrolls of remove curse
 y - 2 scrolls of fear
 z - 3 scrolls of amnesia
 F - 3 scrolls of fog
 T - 2 scrolls of enchant armour
 V - 3 scrolls of enchant weapon
Potions
 h - 8 potions of curing
 j - a potion of flight
 l - 2 potions of magic {unknown}
 n - a potion of lignification {unknown}
 o - a potion of ambrosia {unknown}
 q - a potion of invisibility
 s - 5 potions of might
 v - 6 potions of haste
 I - 2 potions of brilliance
 U - 2 potions of resistance
 W - a potion of degeneration {unknown}
Books
 e - a book of Geomancy

   Spells                             Type                      Level
   a - Sandblast                      Earth                        1
   b - Passwall                       Transmutation/Earth          2
   c - Stone Arrow                    Conjuration/Earth            3
   d - Petrify                        Transmutation/Earth          4
   e - Lee's Rapid Deconstruction     Earth                        5
 g - a book of Conjurations

   Spells                             Type                      Level
   a - Magic Dart                     Conjuration                  1
   b - Searing Ray                    Conjuration                  2
   c - Dazzling Spray                 Conjuration/Hexes            3
   d - Fulminant Prism                Conjuration/Hexes            4
   e - Force Lance                    Conjuration/Translocation    4
   f - Iskenderun's Mystic Blast      Conjuration                  4
 t - a Young Poisoner's Handbook

   Spells                             Type                      Level
   a - Sting                          Conjuration/Poison           1
   b - Poisonous Vapours              Poison/Air                   2
   c - Mephitic Cloud                 Conjuration/Poison/Air       3
   d - Olgreb's Toxic Radiance        Poison                       4
   e - Venom Bolt                     Conjuration/Poison           5
 J - a book of Cantrips

   Spells                             Type                      Level
   a - Confusing Touch                Hexes                        1
   b - Animate Skeleton               Necromancy                   1
   c - Summon Small Mammal            Summoning                    1
   d - Apportation                    Translocation                1
 Q - a book of Necromancy

   Spells                             Type                      Level
   a - Pain                           Necromancy                   1
   b - Animate Skeleton               Necromancy                   1
   c - Vampiric Draining              Necromancy                   3
   d - Regeneration                   Charms/Necromancy            3
   e - Animate Dead                   Necromancy                   4
   f - Control Undead                 Necromancy                   4
Comestibles
 d - 4 bread rations
 B - 4 fruits


   Skills:
 + Level 5.7 Fighting
 + Level 5.5 Maces & Flails
 + Level 6.4 Armour
 + Level 4.8 Dodging
 - Level 2.1 Stealth
 + Level 6.4 Shields
 + Level 6.5 Spellcasting
 + Level 7.6 Conjurations
   Level 0.7 Transmutations
 + Level 9.5 Earth Magic
 + Level 5.0 Evocations


You had 14 spell levels left.
You knew the following spells:

 Your Spells              Type           Power        Failure   Level  Hunger
a - Sandblast             Erth           #####.       1%          1    None
b - Stone Arrow           Conj/Erth      ####..       7%          3    ##.....
c - Lee's Rapid Deconstr  Erth           #####.....   36%         5    #####..


Dungeon Overview and Level Annotations

Branches:
Dungeon (11/15)            Temple (1/1) D:5             Orc (0/2) D:9
   Lair: D:8-11

Altars:
Ashenzari
Cheibriados
Dithmenos
Elyvilon
Fedhas
Gozag
Hepliaklqana
Kikubaaqudgha
Makhleb
Nemelex Xobeh
Okawaru
Qazlal
Ru
Sif Muna
Trog
Uskayaw
Vehumet
Xom
Yredelemnul
Zin
The Shining One


Innate Abilities, Weirdness & Mutations

You are resistant to torment.
Your stone body is resilient. (AC +7)
You are immune to poison.
You resist negative energy. (rN+)
You are resistant to electric shocks. (rElec)
You can survive without breathing.
You are immune to petrification.
You are immune to rotting.
You have a pair of horns on your head.
You are surrounded by a mild repulsion field. (EV +2)
You are partially covered in icy blue scales. (AC +2)
You possess an exceptional clarity of mind.
Your flesh is cold resistant. (rC+)
You are dopey. (Int -2)
You rapidly evolve.
Potions are less effective at restoring your health.


Message History

The skeletal warrior hits you but does no damage.
You block the skeletal warrior's attack.
Your shield and ring mail of Xycuorud prevent you from hitting the skeletal warrior.
Your headbutt misses the skeletal warrior.
The skeletal warrior is almost destroyed.
You block the skeletal warrior's attack.
The skeletal warrior hits you but does no damage.
You block the skeletal warrior's attack.
You hit the skeletal warrior but do no damage.
The skeletal warrior is almost destroyed.
You block the skeletal warrior's attack.
The skeletal warrior hits you but does no damage.
Unknown command.
You closely miss the skeletal warrior.
The skeletal warrior is almost destroyed.
The skeletal warrior hits you but does no damage.
The skeletal warrior hits you with a long sword!
* * * LOW HITPOINT WARNING * * *
The skeletal warrior hits you with an enchanted short sword!
You die...

#############.z
#..............
#.............z
#...## #.#.z#
#.##z# #
#.##z####.#
#.##@z..#.#
#.#####.#.#
#.#####.#.#
#....##.#.#
#.##.##.#.#
#.##.##.#.####
#.##....#....
#.####### ##
#.......#...o


You could see 4 skeletal warriors.

Vanquished Creatures
  2 yaktaur captains (D:10)
  The ghost of baghtru the Cleaver, a novice HOFi of the Shining One (D:9)
  3 two-headed ogres
  A wolf spider (D:10)
  The ghost of Phantomfrettchen the Twirler, a novice DsCK of Xom (D:5)
  A hippogriff (D:10)
  A vampire (D:9)
  4 yaks (D:9)
  A wyvern (D:11)
  Edmund (D:6)
  A water moccasin (D:9)
  3 porcupines (D:10)
  7 orc warriors
  5 phantoms
  4 ice beasts
  4 sky beasts
  7 ogres
  2 centaurs
  2 big kobolds
  4 bullfrogs
  Blork the orc (D:4)
  2 scorpions
  14 wights
  A killer bee (D:10)
  4 crimson imps
  2 bullfrog zombies (D:5)
  4 hounds
  15 orc wizards
  9 orc priests
  2 bullfrog skeletons
  A centaur skeleton (D:9)
  A jelly (D:11)
  2 iguanas
  7 worker ants
  A killer bee zombie (D:9)
  A hound zombie (D:6)
  8 mummies (Ossuary)
  A worker ant zombie (D:6)
  12 adders
  7 gnolls
  A gnoll (shapeshifter) (D:10)
  2 howler monkey skeletons
  A shadow imp (D:6)
  2 oozes
  2 adder skeletons
  2 worms
  2 dart slugs
  5 leopard geckos
  78 orcs
  5 giant cockroaches
  8 goblins
  7 hobgoblins
  14 jackals
  35 kobolds
  7 quokkas
  A ball python (D:8)
  A ball python skeleton (D:4)
  9 bats
  6 frilled lizards
  A gnoll zombie (Ossuary)
  A hobgoblin zombie (Ossuary)
  A jackal skeleton (D:5)
  4 kobold zombies (Ossuary)
  2 orc zombies (Ossuary)
  6 rats
  6 plants (D:4)
359 creatures vanquished.

Vanquished Creatures (others)
  A scorpion (D:4)
  7 plants (D:4)
8 creatures vanquished.

Grand Total: 367 creatures vanquished

Notes
Turn   | Place    | Note
-------+----------+-------------------------------------------
     0 | D:1      | OfficerJojo the Gargoyle Earth Elementalist began the quest for the Orb.
     0 | D:1      | Reached XP level 1. HP: 10/10 MP: 3/3
    79 | D:1      | Reached XP level 2. HP: 15/15 MP: 0/5
    87 | D:1      | Reached skill level 4 in Earth Magic
   445 | D:1      | Reached XP level 3. HP: 17/19 MP: 4/6
   450 | D:1      | Learned a level 3 spell: Stone Arrow
  1398 | D:3      | Reached XP level 4. HP: 22/24 MP: 8/8
  1410 | D:3      | Found a bloodstained altar of Trog.
  1460 | D:3      | Reached skill level 5 in Earth Magic
  1810 | D:3      | Reached skill level 1 in Conjurations
  2370 | D:2      | Found a white marble altar of Elyvilon.
  2631 | D:4      | Noticed Blork the orc
  2632 | D:4      | Noticed a phantom
  2639 | D:4      | Reached XP level 5. HP: 28/28 MP: 2/9
  2643 | D:4      | Killed Blork the orc
  2671 | D:4      | Killed a phantom
  2671 | D:4      | Reached XP level 6. HP: 28/32 MP: 2/11
  2678 | D:4      | Learned a level 5 spell: Lee's Rapid Deconstruction
  2867 | D:4      | Reached skill level 6 in Earth Magic
  3132 | D:5      | Entered Level 5 of the Dungeon
  3615 | D:4      | Reached XP level 7. HP: 36/36 MP: 3/13
  4053 | D:5      | Reached skill level 1 in Armour
  4053 | D:5      | Reached skill level 1 in Shields
  4053 | D:5      | Reached skill level 1 in Evocations
  4062 | D:5      | Reached skill level 1 in Fighting
  4104 | D:5      | Noticed Phantomfrettchen's ghost (novice DsCK)
  4292 | D:5      | Killed Phantomfrettchen's ghost
  4292 | D:5      | Reached skill level 1 in Maces & Flails
  4292 | D:5      | Reached skill level 7 in Earth Magic
  4292 | D:5      | Reached XP level 8. HP: 14/44 MP: 0/14
  4524 | D:5      | Found a bloodstained altar of Trog.
  5146 | D:5      | Found a staircase to the Ecumenical Temple.
  5154 | Temple   | Entered the Ecumenical Temple
  5182 | Temple   | Became a worshipper of Vehumet
  5828 | D:6      | Reached skill level 5 in Spellcasting
  5828 | D:6      | Reached XP level 9. HP: 21/49 MP: 3/16
  6197 | D:6      | Gained mutation: Armour fits poorly on your strangely shaped body. [mutagenic meat]
  6198 | D:6      | Gained mutation: You are frail. (-10% HP) [mutagenic meat]
  6199 | D:6      | Gained mutation: You are weak. (Str -2) [mutagenic meat]
  6200 | D:6      | Gained mutation: You are dopey. (Int -2) [mutagenic meat]
  6201 | D:6      | Gained mutation: You are very frail. (-20% HP) [mutagenic meat]
  6202 | D:6      | Lost mutation: You are very frail. (-20% HP) [mutagenic meat]
  6207 | D:6      | Lost mutation: You are frail. (-10% HP) [potion of mutation]
  6207 | D:6      | Lost mutation: Armour fits poorly on your strangely shaped body. [potion of mutation]
  6207 | D:6      | Gained mutation: You are partially covered in icy blue scales. (AC +2) [potion of mutation]
  6207 | D:6      | Gained mutation: You evolve. [potion of mutation]
  6207 | D:6      | Gained mutation: You are occasionally teleported next to monsters. [potion of mutation]
  6207 | D:6      | Gained mutation: Your spells are a little harder to cast, but a little more powerful. [potion of mutation]
  6542 | D:6      | Reached * piety under Vehumet
  6542 | D:6      | Offered knowledge of Shock by Vehumet.
  6635 | D:6      | Noticed Edmund
  6649 | D:6      | Reached skill level 5 in Conjurations
  6661 | D:6      | Killed Edmund
  6866 | D:6      | Found a sparkling altar of Nemelex Xobeh.
  7792 | D:8      | Found a sand-covered staircase.
  7807 | Ossuary  | Entered an ossuary
  7872 | Ossuary  | Offered knowledge of Magic Dart by Vehumet.
  7874 | Ossuary  | Reached ** piety under Vehumet
  8578 | D:8      | Noticed a two-headed ogre
  8593 | D:8      | Killed a two-headed ogre
  8593 | D:8      | Reached skill level 8 in Earth Magic
  8593 | D:8      | Reached XP level 10. HP: 43/56 MP: 1/18
  8704 | D:8      | Identified a scroll of acquirement
  8850 | D:8      | Offered knowledge of Throw Frost by Vehumet.
  8951 | D:8      | Lost mutation: You are weak. (Str -2) [evolution]
  9019 | D:8      | Reached *** piety under Vehumet
  9155 | D:8      | Reached skill level 5 in Shields
  9706 | D:9      | Offered knowledge of Static Discharge by Vehumet.
  9893 | D:9      | Reached skill level 5 in Armour
 10338 | D:9      | Noticed baghtru's ghost (novice HOFi)
 10352 | D:9      | Killed baghtru's ghost
 10352 | D:9      | Reached XP level 11. HP: 36/62 MP: 1/20
 10418 | D:9      | Gained mutation: You have a pair of small horns on your head. [evolution]
 10473 | D:9      | Noticed a two-headed ogre
 10484 | D:9      | Killed a two-headed ogre
 10484 | D:9      | Reached skill level 9 in Earth Magic
 10570 | D:9      | Reached **** piety under Vehumet
 10705 | D:9      | Got a polished ring mail
 10716 | D:9      | Identified the +2 ring mail of Xycuorud {Stlth+} (You found it on level 9 of the Dungeon)
 10877 | D:9      | Offered knowledge of Irradiate by Vehumet.
 10881 | D:9      | Gained mutation: You possess an exceptional clarity of mind. [mutagenic meat]
 10883 | D:9      | Gained mutation: Potions are less effective at restoring your health. [mutagenic meat]
 10884 | D:9      | Lost mutation: Your spells are a little harder to cast, but a little more powerful. [mutagenic meat]
 10992 | D:9      | Found a staircase to the Orcish Mines.
 11007 | D:9      | Reached skill level 5 in Maces & Flails
 11194 | D:10     | Entered Level 10 of the Dungeon
 11198 | D:10     | Reached skill level 5 in Fighting
 11291 | D:10     | Noticed a two-headed ogre
 11303 | D:10     | Killed a two-headed ogre
 11307 | D:10     | Gained mutation: You rapidly evolve. [mutagenic meat]
 11308 | D:10     | Gained mutation: Your flesh is cold resistant. (rC+) [mutagenic meat]
 11309 | D:10     | Gained mutation: You are surrounded by a mild repulsion field. (EV +2) [mutagenic meat]
 11642 | D:10     | Noticed a wolf spider
 11657 | D:10     | Killed a wolf spider
 11826 | D:10     | Noticed a yaktaur captain
 11847 | D:10     | Killed a yaktaur captain
 11863 | D:10     | Gained mutation: You have a pair of horns on your head. [mutagenic meat]
 12005 | D:10     | Noticed a yaktaur captain
 12299 | D:10     | Killed a yaktaur captain
 12299 | D:10     | Reached skill level 5 in Evocations
 12705 | D:11     | Lost mutation: You are occasionally teleported next to monsters. [evolution]
 12917 | D:11     | Noticed a skeletal warrior
 12917 | D:11     | Noticed a skeletal warrior
 12923 | D:11     | Noticed a skeletal warrior
 12923 | D:11     | Noticed a skeletal warrior
 12979 | D:11     | Slain by a skeletal warrior

Skill      XL: |  1  2  3  4  5  6  7  8  9 10 11 |
---------------+----------------------------------+-----
Earth Magic    | 4 5 6 7 8 9 |  9.5
Conjurations   | 1 2 3 4 5 6 7 |  7.6
Spellcasting   | 3 4 5 6 |  6.5
Armour         | 2 4 5 6 |  6.4
Shields        | 1 3 4 5 6 |  6.4
Evocations     | 1 2 3 4 5 |  5.0
Fighting       | 1 2 3 4 5 |  5.7
Maces & Flails | 1 2 3 4 5 |  5.5
Dodging        | 2 3 4 |  4.8
Stealth        | |  2.1
Transmutations | |  0.7

Action                   |  1- 3 |  4- 6 |  7- 9 | 10-12 || total
-------------------------+-------+-------+-------+-------++-------
Melee: Club              |     2 |       |       |       ||     2
       Mace              |    52 |   183 |   187 |       ||   422
       Dire flail        |       |    67 |       |       ||    67
       Flail             |       |       |   104 |   503 ||   607
       Headbutt          |       |       |       |    36 ||    36
 Cast: Sandblast         |    26 |    16 |    30 |    33 ||   105
       Stone Arrow       |     8 |    21 |    74 |   156 ||   259
       Lee's Rapid Decon |       |       |     1 |    12 ||    13
Evoke: Wand              |       |       |     2 |     6 ||     8
  Use: Scroll            |       |     5 |     4 |    16 ||    25
       Potion            |       |     1 |     7 |     2 ||    10
 Stab: Sleeping          |     1 |     1 |     1 |     1 ||     4
       Distracted        |       |       |     1 |       ||     1
  Eat: Chunk             |     3 |     7 |    21 |    26 ||    57
       Royal jelly       |       |     1 |     1 |     1 ||     3
       Meat ration       |       |     1 |       |     1 ||     2
       Fruit             |       |       |     1 |     1 ||     2
       Bread ration      |       |       |       |     1 ||     1
Armor: Robe              |    22 |    60 |   122 |       ||   204
       Ring mail         |       |       |    60 |   434 ||   494
Dodge: Dodged            |    48 |   114 |   162 |   338 ||   662
Block: Shield            |       |       |    91 |    15 ||   106
       Large shield      |       |       |       |   221 ||   221
